[Event ""]
[Site "FICS"]
[Date "2025-04-20"]
[Round "7"]
[White "Fente"]
[Black "KRMCHESS"]
[Result "1/2-1/2"]
[WhiteElo "2029"]
[BlackElo "2097"]
[TimeControl "2700+45"]
[Time "16:29:38"]
[PlyCount "83"]

1. Nf3 Nf6
2. c4 g6
3. d4 Bg7
4. g3 O-O
5. Bg2 d5
6. O-O c6
7. Qb3 Qb6
8. Nc3 Rd8
9. c5 Qxb3
10. axb3 Na6
11. Bf4 Nd7
12. Ra4 Re8
13. b4 e5
14. dxe5 Nxe5
15. Nxe5 Bxe5
16. Bxe5 Rxe5
17. f4 Re7
18. e4 dxe4
19. Nxe4 Bf5
20. Nd6 Bc2
21. Rxa6 bxa6
22. Bxc6 Rb8
23. Rc1 Bd3
24. Rc3 Bf5
25. b5 axb5
26. Bxb5 a6
27. Bxa6 Rxb2
28. Rc1 Rb1
29. Rxb1 Bxb1
30. c6 Bf5
31. Nb5 Re1+
32. Kf2 Rc1
33. c7 Bd7
34. Ke3 Bxb5
35. c8=Q+ Rxc8
36. Bxc8 Kg7
37. g4 f6
38. h4 h6
39. g5 fxg5
40. fxg5 hxg5
41. hxg5 Bc6
1/2-1/2